 Dungeon Crawl Stone Soup version 0.29-a0-418-gc0181ea820 (webtiles) character file.

Game seed: 15644905909284916161

1778 CowFu the Carver (level 8, -2/66 HPs)
             Began as a Minotaur Fighter on May 17, 2022.
             Slain by an orc warrior
             ... wielding a +0 hand axe
              (8 damage)
             ... on level 6 of the Dungeon.
             The game lasted 00:06:20 (6651 turns).

CowFu the Carver (Minotaur Fighter)                 Turns: 6651, Time: 00:06:21

Health: -2/66      AC: 11    Str: 22    XL:     8   Next: 81%
Magic:  7/7        EV: 10    Int:  5    God:
Gold:   380        SH:  4    Dex: 11    Spells: 7/7 levels left

rFire   . . .      SeeInvis .   a - +0 long sword
rCold   . . .      Faith    .   c - +0 buckler
rNeg    . . .      Spirit   .   s - +0 scale mail
rPois   .          Reflect  .   (helmet restricted)
rElec   .          Harm     .   (no cloak)
rCorr   .          Rampage  .   (no gloves)
Will    .....                   (no boots)
Stlth   ..........              A - amulet of magic regeneration
HPRegen 0.21/turn               p - +4 ring of protection
MPRegen 0.50/turn               (no ring)

@: no status effects
A: horns 2, retaliatory headbutt
a: no special abilities


You were on level 6 of the Dungeon.
You visited 1 branch of the dungeon, and saw 7 of its levels.

You collected 380 gold pieces.

Inventory:

Hand Weapons
 a - a +0 long sword (weapon)
 b - a +2 short sword of freezing
Armour
 c - a +0 buckler (worn)
 s - a +0 scale mail (worn)
Jewellery
 d - a ring of ice
 p - a +4 ring of protection (left hand)
 t - a ring of ice
 A - an amulet of magic regeneration (around neck)
 C - a ring of poison resistance
Wands
 m - a wand of flame (41)
 n - a wand of digging (13)
 q - a wand of iceblast (30)
 r - a wand of acid (4)
 B - a wand of polymorph (8)
Scrolls
 e - 2 scrolls of torment {unknown}
 g - 5 scrolls of teleportation {unknown}
 h - a scroll of magic mapping {unknown}
 i - 13 scrolls of identify {unknown}
 l - 3 scrolls of fog {unknown}
 u - 2 scrolls of summoning {unknown}
 v - 2 scrolls of blinking {unknown}
 w - 2 scrolls of poison {unknown}
 x - a scroll of immolation {unknown}
 y - a scroll of enchant weapon {unknown}
 z - 2 scrolls of amnesia {unknown}
Potions
 f - 5 potions of curing {unknown}
 j - a potion of invisibility {unknown}
 k - 2 potions of mutation {unknown}
 o - a potion of berserk rage {unknown}


   Skills:
 - Level 4.0 Fighting
 + Level 12.6 Long Blades
 - Level 4.0 Armour
 - Level 4.0 Dodging
 - Level 4.0 Shields


You had 7 spell levels left.
You didn't know any spells.
Your spell library contained the following spells:

 Spells                   Type           Power      Damage    Failure   Level
 Magic Dart               Conj           0%         1d3       87%         1
 Ensorcelled Hibernation  Hex/Ice        0%         N/A       95%         2
 Searing Ray              Conj           0%         2d4       95%         2
 Gell's Gravitas          Tloc           0%         N/A       99%         3
 Spider Form              Tmut/Pois      0%         N/A       99%         3
 Teleport Other           Tloc           0%         N/A       99%         3
 Anguish                  Hex/Necr       0%         N/A       100%        4
 Fulminant Prism          Conj/Hex       0%         3d6       100%        4
 Dispersal                Tloc           0%         N/A       100%        6


Dungeon Overview and Level Annotations

Branches:
Dungeon (7/15)
 Temple: D:4-7

Altars:
Ashenzari

Shops:
D:3 ?

Annotations:
D:6 2 transporters, Taurus's ghost, novice DECj


Innate Abilities, Weirdness & Mutations

You have a pair of horns on your head.
You reflexively headbutt those who attack you in melee.


Message History

You are too injured to fight recklessly!
You are too injured to fight recklessly!
You are too injured to fight recklessly!
You are too injured to fight recklessly!
You are too injured to fight recklessly!
You are too injured to fight recklessly!
You are too injured to fight recklessly!
You are too injured to fight recklessly!
You are too injured to fight recklessly!
You are too injured to fight recklessly!
You are too injured to fight recklessly!
You are too injured to fight recklessly!
You are too injured to fight recklessly!
You are too injured to fight recklessly!
The orc warrior attacks as you move away!
The orc warrior barely misses you.
There is a stone staircase leading up here.
The orc warrior hits you with a +0 hand axe!
* * * LOW HITPOINT WARNING * * *
You climb upwards.
Level annotation: 2 transporters, Taurus's ghost, novice DECj
There is a stone staircase leading down here.
You hit the orc warrior but do no damage.
Your headbutt misses the orc warrior.
The orc warrior is moderately wounded.
You hit the orc warrior.
The orc warrior is heavily wounded.
The orc warrior hits you but does no damage.
You hit the orc warrior.
The orc warrior is heavily wounded.
The orc warrior closely misses you.
You hit the orc warrior but do no damage.
You headbutt the orc warrior, but do no damage.
The orc warrior is heavily wounded.
The orc warrior hits you with a +0 hand axe!
* * * LOW HITPOINT WARNING * * *
You hit the orc warrior.
The orc warrior is severely wounded.
The orc warrior hits you with a +0 hand axe!
You die...

.####......#####.........##
## #.......###.........##
.# ##.##.....#.........##
.###..##..#..........###
..##..###.###........#
.....###..####.......#
..........#.#....#...#
.................#..##
................@...#
.....[...#.......o.###
.#.......#...........#
###....#....#.......##
##...#####........<##
#.....####><......##
..##.#.##........##
.....#........####
.##....##.#.###


You could see an orc warrior.

Vanquished Creatures
  Sigmund (D:2)
  Eustachio (D:4)
  An ice beast (D:6)
  A black bear (D:5)
  Blork the orc (D:4)
  A kobold brigand (D:5)
  4 scorpions
  6 wights
  2 howler monkeys
  5 hounds
  An orc priest (D:3)
  An iguana (D:5)
  An orc wizard (D:5)
  Natasha (thrice) (D:2)
  4 gnolls (D:5)
  6 adders
  A shadow imp (D:6)
  A white imp (D:3)
  An ufetubus (D:4)
  A dart slug (D:3)
  16 orcs
  2 ball pythons
  5 bats
  9 endoplasms
  A giant cockroach (D:4)
  8 goblins
  12 hobgoblins
  2 jackals (D:3)
  2 quokkas
  5 frilled lizards
  12 kobolds
  5 rats
122 creatures vanquished.

Notes
Turn   | Place    | Note
-------+----------+-------------------------------------------
     0 | D:1      | CowFu the Minotaur Fighter began the quest for the Orb.
     0 | D:1      | Reached XP level 1. HP: 19/19 MP: 0/0
   426 | D:1      | Reached XP level 2. HP: 27/27 MP: 1/1
   961 | D:2      | Noticed Sigmund
   986 | D:2      | Killed Sigmund
   987 | D:2      | Reached skill level 4 in Long Blades
   987 | D:2      | Reached XP level 3. HP: 6/33 MP: 2/2
   987 | D:2      | Reached XP level 4. HP: 8/40 MP: 3/3
   987 | D:2      | Reached XP level 5. HP: 9/46 MP: 4/4
  1477 | D:2      | Found a faded altar of an unknown god.
  1685 | D:2      | Noticed Natasha
  1691 | D:2      | Killed Natasha
  1943 | D:2      | Noticed Natasha
  1954 | D:2      | Killed Natasha
  1955 | D:2      | Reached skill level 5 in Long Blades
  2248 | D:2      | Noticed Natasha
  2257 | D:2      | Killed Natasha
  2258 | D:2      | Reached XP level 6. HP: 34/52 MP: 5/5
  2520 | D:3      | Found Boiz's Magic Scroll Emporium.
  2747 | D:3      | Reached skill level 6 in Long Blades
  3431 | D:4      | Noticed Eustachio
  3530 | D:4      | Killed Eustachio
  3531 | D:4      | Reached skill level 7 in Long Blades
  3531 | D:4      | Reached XP level 7. HP: 4/59 MP: 6/6
  3849 | D:4      | Noticed Blork the orc
  3863 | D:4      | Killed Blork the orc
  3864 | D:4      | Reached skill level 8 in Long Blades
  4513 | D:5      | Entered Level 5 of the Dungeon
  4637 | D:5      | Reached skill level 9 in Long Blades
  5045 | D:5      | Reached XP level 8. HP: 66/66 MP: 7/7
  5051 | D:5      | Reached skill level 10 in Long Blades
  5274 | D:5      | Identified the +6 war axe "Xolla" {venom, +Blink Dex+2}
  5603 | D:5      | Found a broken altar of Ashenzari.
  5747 | D:6      | Reached skill level 11 in Long Blades
  5863 | D:6      | Found a transporter.
  5866 | D:6      | Noticed Taurus's ghost (novice DECj)
  6245 | D:6      | Reached skill level 12 in Long Blades
  6552 | D:6      | Found a transporter.
  6651 | D:6      | Slain by an orc warrior

Illustrated notes

Levels and vault maps discovered:
D:1:      dpeg_arrival_solitude, layout_loops_ring
D:2:      layout_loops_ring, ebering_ecumenical_altar_mist,
          minmay_misc_feat_rugged, hangedman_abyss_or_decor_lesser_grid,
          uniq_natasha, uniq_sigmund
D:3:      layout_loops_ring, serial_shops, shop, hangedman_glass_teeth,
          serial_bayou_pond_d
D:4:      layout_rooms, uniq_blork_the_orc, uniq_eustachio
D:5:      layout_loops_ring, ashenzari_conservatory_becter,
          chequers_serial_rivers_micro_c
D:6:      layout_cave_pools, gammafunk_ghost_arena
D:7:      layout_rooms, minmay_temple_entry_arrows, uniq_crazy_yiuf_cottage

Skill      XL: |  1  2  3  4  5  6  7  8 |
---------------+-------------------------+-----
Fighting       | 4 |  4.0
Long Blades    | 4 5 7 9 12 | 12.6
Armour         | 4 |  4.0
Dodging        | 3 4 |  4.0
Shields        | 4 |  4.0

Action                   |  1- 3 |  4- 6 |  7- 9 || total
-------------------------+-------+-------+-------++-------
Melee: Long sword        |    52 |   177 |   242 ||   471
       Headbutt          |     2 |    27 |    36 ||    65
  Use: Potion            |     1 |     1 |       ||     2
Armor: Scale mail        |    35 |    73 |    83 ||   191
Dodge: Dodged            |    28 |    78 |   101 ||   207
Block: Buckler           |     9 |    38 |    43 ||    90

Table legend: (Time is in decaauts)
 A = Elapsed time spent in this place.
 B = Non-inter-level travel time spent in this place.
 C = Inter-level travel time spent in this place.
 D = Time resting spent in this place.
 E = Time spent auto-exploring this place.
 F = Levels seen in this place.
 G = Mean time per level.
                   A        B        C        D        E       F      G
               +--------+--------+--------+--------+--------+-----+--------+
         Total |   6678 |   6575 |    103 |      0 |   5441 |   7 |  954.0 |
       Dungeon |   6678 |   6575 |    103 |      0 |   5441 |   7 |  954.0 |
               +--------+--------+--------+--------+--------+-----+--------+

Top non-repeatable levels by time:
     D:2: 1437 daAuts
     D:4: 1277 daAuts
     D:5: 1198 daAuts
     D:3: 982 daAuts
     D:6: 886 daAuts
     D:1: 859 daAuts
     D:7: 35 daAuts
